 Dungeon Crawl Stone Soup version 0.27.1-33-g824d729ab1 (webtiles) character file.

Game seed: 7938265226932858816

72 SensoryNuts the Skirmisher (level 4, -19/36 HPs)
             Began as a Draconian Fighter on Dec 6, 2021.
             Was a Follower of Hepliaklqana.
             Demolished by Crazy Yiuf (20 damage)
             ... on level 2 of the Dungeon.
             The game lasted 00:02:19 (1905 turns).

SensoryNuts the Skirmisher (Draconian Fighter)      Turns: 1905, Time: 00:02:20

Health: -19/36     AC:  5    Str: 19    XL:     4   Next: 7%
Magic:  0/4        EV: 10    Int:  9    God:    Hepliaklqana [*.....]
Gold:   45         SH: 10    Dex: 10    Spells: 3/3 levels left

rFire    . . .     SeeInvis .   a - +1 long sword
rCold    . . .     Faith    .   b - +1 kite shield
rNeg     . . .     Spirit   .   (armour unavailable)
rPois    .         Reflect  .   (helmet restricted)
rElec    .         Harm     .   (no cloak)
rCorr    .         Rampage  .   (no gloves)
Will     .....                  (no boots)
Stlth    +.........             (no amulet)
HPRegen  0.12/turn              (no ring)
MPRegen  0.09/turn              (no ring)

@: flying
A: reduced essence, AC +5, unfitting armour, cold-blooded
a: Renounce Religion, Recall Ancestor, Ancestor Identity


You were on level 2 of the Dungeon.
You worshipped Hepliaklqana.
Hepliaklqana was aware of your devotion.
You visited 1 branch of the dungeon, and saw 2 of its levels.

You collected 45 gold pieces.

Inventory:

Hand Weapons
 a - a +1 long sword (weapon)
Missiles
 m - 22 bolts
Armour
 b - a +1 kite shield (worn)
Jewellery
 d - an amulet of regeneration
 e - a ring of ice
Scrolls
 f - a scroll of silence {unknown}
 g - 2 scrolls of identify
 h - 2 scrolls of enchant armour
 j - a scroll of teleportation {unknown}
 k - a scroll of magic mapping {unknown}
Potions
 c - a potion of might
 i - 2 potions of brilliance {unknown}


   Skills:
 + Level 3.7 Fighting
 + Level 2.8 Long Blades
 + Level 3.3 Dodging
 + Level 3.5 Shields


You had 3 spell levels left.
You didn't know any spells.
Your spell library contained the following spells:

 Spells                   Type           Power      Damage    Failure   Level
 Foxfire                  Conj/Fire      0%         2x1d4     87%         1
 Magic Dart               Conj           0%         1d3       87%         1
 Call Imp                 Summ           0%         N/A       95%         2
 Conjure Flame            Conj/Fire      0%         6-21      99%         3
 Inner Flame              Hex/Fire       0%         N/A       99%         3
 Mephitic Cloud           Conj/Pois/Air  0%         N/A       99%         3


Dungeon Overview and Level Annotations

Branches:
Dungeon (2/15)

Altars:
Hepliaklqana

Annotations:
D:2 Crazy Yiuf


Innate Abilities, Weirdness & Mutations

Your life essence is reduced to manifest your ancestor. (-10% HP)
Your plain brown scales are hard. (AC +5)
You cannot fit into any form of body armour.
You are cold-blooded and may be slowed by cold attacks.


Message History

A nearby fungus withers and dies.
Found a mace.
Found a runed translucent door.
Crazy Yiuf shouts!
Crazy Yiuf screams, "Mountain song pontify!"
Crazy Yiuf says, "Hah broken ena!"
Could not explore, unopened runed door.
Could not explore, unopened runed door.
You open the door. You hit Crazy Yiuf.
Crazy Yiuf is moderately wounded.
Crazy Yiuf says, "Mama!
Cod green sallow."
You block Crazy Yiuf's attack.
You barely miss Crazy Yiuf.
Crazy Yiuf is moderately wounded.
Crazy Yiuf cries, "Goober!
Snower Hive eyeball."
Crazy Yiuf hits you with a +2 quarterstaff of chaos.
You are electrocuted!
You block Crazy Yiuf's attack.
You slash Crazy Yiuf!
Crazy Yiuf is heavily wounded.
You block Crazy Yiuf's attack.
You barely miss Crazy Yiuf.
Crazy Yiuf is heavily wounded.
Crazy Yiuf hits you with a +2 quarterstaff of chaos!
* * * LOW HITPOINT WARNING * * *
You feel yourself slow down. Crazy Yiuf freezes you.
* * * LOW HITPOINT WARNING * * *
You block Crazy Yiuf's attack.
It was a potion of curing.
You feel better.
Crazy Yiuf hits you with a +2 quarterstaff of chaos!
* * * LOW HITPOINT WARNING * * *
You feel your power leaking away.
It was a potion of flight.
You feel very buoyant.
You fly up into the air.
You feel yourself speed up.
Crazy Yiuf hits you with a +2 quarterstaff of chaos.
* * * LOW HITPOINT WARNING * * *
You are electrocuted!!
Ouch! That really hurt!
You die...

##### #..)#
#...# ... #g#
##@# #R## ####
##.# #... #.##
#... ##.##
#########...
#..P#
#...........
#...#
#########...
##..## #..##
#...
#....####...##
#...


You could see the friendly Sinnashi the ancestor and Crazy Yiuf (ally target).

Vanquished Creatures
  2 adders (D:2)
  An ufetubus (D:2)
  A worm (D:2)
  10 bats
  An endoplasm (D:1)
  2 giant cockroaches
  4 hobgoblins (D:1)
  4 jackals (D:2)
  2 quokkas
  2 ball pythons (D:2)
  3 frilled lizards
  3 goblins
  5 kobolds
  6 rats
46 creatures vanquished.

Vanquished Creatures (collateral kills)
  2 rats (D:2)
2 creatures vanquished.

Vanquished Creatures (others)
  An ancestor (D:2)
  4 fungi (D:2)
5 creatures vanquished.

Grand Total: 53 creatures vanquished

Notes
Turn   | Place    | Note
-------+----------+-------------------------------------------
     0 | D:1      | SensoryNuts the Draconian Fighter began the quest for the
                  | Orb.
     0 | D:1      | Reached XP level 1. HP: 19/19 MP: 1/1
   280 | D:1      | Reached XP level 2. HP: 22/26 MP: 2/2
   998 | D:2      | Reached XP level 3. HP: 27/33 MP: 3/3
  1167 | D:2      | Found a faded altar of an unknown god.
  1189 | D:2      | Became a worshipper of Hepliaklqana the Forgotten
  1189 | D:2      | Reached * piety under Hepliaklqana
  1769 | D:2      | Reached XP level 4. HP: 31/36 MP: 4/4
  1895 | D:2      | Found a runed translucent door.
  1896 | D:2      | Noticed Crazy Yiuf
  1905 | D:2      | HP: 1/36 [Crazy Yiuf (6)]
  1905 | D:2      | Demolished by Crazy Yiuf

Illustrated notes

Levels and vault maps discovered:
D:1:      dpeg_arrival_water_fire, layout_loops_ring, nrook_loot_triangle
D:2:      minmay_spotlight, layout_rooms, ebering_ecumenical_altar_sacrificial,
          minmay_tromino_mix6, uniq_crazy_yiuf_cottage

Skill      XL: |  1  2 |
---------------+-------+-----
Dodging        | 3 |  3.3
Fighting       | |  3.7
Long Blades    | |  2.8
Shields        | |  3.5

Action                   |  1- 3 |  4- 6 || total
-------------------------+-------+-------++-------
Melee: Long sword        |    93 |    12 ||   105
       Tailslap          |     3 |     1 ||     4
  Use: Scroll            |     4 |       ||     4
       Potion            |       |     2 ||     2
 Stab: Sleeping          |       |     1 ||     1
Armor: Skin              |    32 |       ||    32
Dodge: Dodged            |    55 |       ||    55
Block: Kite shield       |    62 |     4 ||    66
       Rpst.: Long sword |    14 |       ||    14
